 Dungeon Sprint DCSS version 0.17-a0-1651-gae1a69f (webtiles) character file.

10985 Kidiri the Unseen (level 11, -1/47 HPs)
             Began as a Spriggan Enchanter on Aug 14, 2015.
             Was the Champion of Dithmenos.
             Slain by the 27-headed Lernaean hydra (3 damage)
             ... in the Dungeon (Sprint III: "The Ten Rune Challenge").
             The game lasted 00:11:31 (2640 turns).

Kidiri the Unseen (Spriggan Enchanter)              Turns: 2640, Time: 00:11:31

Health: -1/47      AC:  4    Str:  6    XL:     11   Next: 43%
Magic:  25/30      EV: 33    Int: 17    God:    Dithmenos [******]
Gold:   34         SH:  0    Dex: 18    Spells: 12 memorised, 1 level left

rFire  . . .     SeeInvis +     a - +1 dagger
rCold  . . .     Clarity  .     l - +1 robe {MR+}
rNeg   . . .     SustAt   .     (shield restricted)
rPois  .         Gourm    .     (helmet restricted)
rElec  .         Spirit   .     (no cloak)
rCorr  .         Warding  .     (gloves unavailable)
rMut   .         NoTele   +     (boots unavailable)
MR     ++...                    (no amulet)
Stlth  ++++++++++               (no ring)
                                (no ring)

@: wreathed by umbra, very quick, very resistant to hostile enchantments,
uncannily stealthy
A: unfitting armour, antennae 2, see invisible, dopey 1, herbivore 3, speed 3,
shaggy fur 1, slow metabolism 2, strong 1, evolution 1
a: Shadow Step, Shadow Form, Renounce Religion


You were in the Dungeon.
You worshipped Dithmenos.
Dithmenos was exalted by your worship.
You were not hungry.

You visited 1 branch You collected 34 gold pieces.

Inventory:

Hand weapons
 a - a +1 dagger (weapon)
Missiles
 c - 11 throwing nets (quivered)
Armour
 l - a +1 robe of magic resistance (worn)
Magical devices
 v - a wand of teleportation (3)
Scrolls
 j - a scroll of blinking
 k - a scroll of enchant armour {unknown}
 m - a scroll of holy word {unknown}
 n - a scroll of enchant weapon {unknown}
 o - a scroll of remove curse {unknown}
 s - a scroll of immolation {unknown}
 t - a scroll of identify {unknown}
 u - 2 scrolls of amnesia
Potions
 e - a potion of curing
 f - 2 potions of heal wounds
 g - a potion of haste
 h - 2 potions of magic
 i - a potion of berserk rage
 q - a potion of cure mutation
 r - a potion of flight {unknown}
Books
 w - a book of the Sky

   Spells                             Type                      Level
   a - Summon Lightning Spire         Summoning/Air                4
   b - Airstrike                      Air                          4
   c - Silence                        Hexes/Air                    5
   d - Deflect Missiles               Charms/Air                   6
   e - Conjure Ball Lightning         Conjuration/Air              6
   f - Tornado                        Air                          9
Comestibles
 b - 23 royal jellies
 d - a bread ration
 p - 11 fruits


   Skills:
 + Level 9.4 Short Blades
 * Level 16.5 Dodging
 * Level 17.6 Stealth
 * Level 14.1 Spellcasting
 + Level 6.2 Conjurations
 + Level 10.9 Hexes
 + Level 0.7 Summonings
 + Level 8.2 Transmutations
 + Level 6.9 Ice Magic
 + Level 4.2 Air Magic
 + Level 5.6 Earth Magic
 - Level 4.6 Invocations


You had one spell level left.
You knew the following spells:

 Your Spells              Type           Power        Failure   Level  Hunger
a - Corona                Hex            #####..      1%          1    None
b - Ensorcelled Hibernat  Hex/Ice        #####.       1%          2    None
c - Confuse               Hex            #####...     1%          3    None
d - Tukima's Dance        Hex            #####...     1%          3    None
e - Dazzling Spray        Conj/Hex       #####...     1%          3    None
f - Stoneskin             Trmt/Erth      #####...     1%          2    None
g - Stone Arrow           Conj/Erth      ####..       1%          3    None
h - Passwall              Trmt/Erth      #####.....   1%          3    None
i - Petrify               Trmt/Erth      #####...     3%          4    #......
j - Lee's Rapid Deconstr  Erth           ####......   17%         5    ####...
k - Airstrike             Air            ####......   12%         4    #......
l - Summon Lightning Spi  Summ/Air       ###.....     21%         4    #......


Dungeon Overview and Level Annotations

Branches:
Dungeon (1/1)

Altars:
Cheibriados
Dithmenos
Elyvilon
Fedhas
Gozag
Kikubaaqudgha
Makhleb
Nemelex Xobeh
Okawaru
Qazlal
Ru
Sif Muna
Trog
Vehumet
Xom
Yredelemnul
Zin
The Shining One
Jiyva
Lugonu

Shops:
D [%}

Annotations:
D Lernaean hydra


Innate Abilities, Weirdness & Mutations

You are tiny and cannot use many weapons and most armour.
You have supernaturally acute eyesight.
You are a herbivore.
You cover ground extremely quickly.
You need consume almost no food.
You have a pair of antennae on your head.
You are dopey. (Int -2)
You are covered in fur (AC +1).
Your muscles are strong. (Str +2)
You evolve.


Message History

You skewer the 27-headed Lernaean hydra like a kebab!!!!!
The 27-headed Lernaean hydra is almost dead.
The 27-headed Lernaean hydra misses you.
The 27-headed Lernaean hydra barely misses you.
The 27-headed Lernaean hydra closely misses you.
The 27-headed Lernaean hydra completely misses you. x3
The 27-headed Lernaean hydra barely misses you. x2
The 27-headed Lernaean hydra bites you. x2
You emit a cloud of dark smoke.
The 27-headed Lernaean hydra bites you! The 27-headed Lernaean hydra bites you.
The 27-headed Lernaean hydra bites you! The 27-headed Lernaean hydra bites you!
* * * LOW HITPOINT WARNING * * *
The 27-headed Lernaean hydra completely misses you.
The 27-headed Lernaean hydra barely misses you.
The 27-headed Lernaean hydra misses you.
The 27-headed Lernaean hydra bites you.
* * * LOW HITPOINT WARNING * * *
The 27-headed Lernaean hydra completely misses you.
The 27-headed Lernaean hydra bites you.
You die...

♣♣.##.#####...#....))#
{
♣%....##......#♣♣♣._)#
########'###### #####
#.♣♣ #♣.♣ ♣.♣♣ ######
{ ♣♣.♣ #...φ# ♣.♣♣
#D§§D# ♣.♣♣ #.§@§#
♣≈%♣♣#.§.##
♣♣.♣♣.####♣♣
♣♣.♣♣....≈♣
♣♣.P♣♣♣♣♣♣.♣
♣..≈..≈PP§§♣
♣≈≈≈≈.§§.P≈♣
♣%♣≈.§§§§§.♣ { {
♣♣♣♣♣♣♣♣∩§∩♣


You could see the 27-headed Lernaean hydra and a five-headed hydra (sleeping).

Vanquished Creatures
  Maud (D)
  Erolcha (D)
  2 hydras (D)
  A spriggan druid (D)
  A death drake (D)
  A lindwurm (D)
  A komodo dragon (D)
  2 spiny frogs (D)
  A deep elf priest (D)
  A queen bee (D)
  3 wandering mushrooms (D)
  4 redbacks (D)
  2 spriggans (D)
  A shadow (D)
  2 trapdoor spiders (D)
  2 hill giants (D)
  A spatial vortex (D)
  2 swamp drakes (D)
  A necrophage (D)
  2 brain worms (D)
  3 two-headed ogres (D)
  A water elemental (D)
  32 killer bees (D)
  A jelly (D)
  An electric eel (D)
  Jessica (D)
  A necromancer (D)
  A wizard (D)
  A wolf (D)
  A kobold demonologist (D)
  3 humans (D)
  2 oozes (D)
  A plant (D)
81 creatures vanquished.

Vanquished Creatures (others)
  2 draconian scorchers (D)
  A yaktaur (D)
3 creatures vanquished.

Grand Total: 84 creatures vanquished

Notes
Turn   | Place    | Note
--------------------------------------------------------------
     0 | D        | Kidiri the Spriggan Enchanter began the quest for the Orb.
     0 | D        | Reached XP level 1. HP: 9/9 MP: 5/5
     4 | D        | Reached skill level 5 in Stealth
     9 | D        | Reached XP level 2. HP: 8/13 MP: 5/7
    13 | D        | Learned a level 2 spell: Ensorcelled Hibernation
   228 | D        | Killed a white draconian scorcher
   240 | D        | Noticed Jessica
   243 | D        | Killed Jessica
   243 | D        | Reached skill level 5 in Dodging
   243 | D        | Reached skill level 6 in Stealth
   243 | D        | Reached skill level 1 in Ice Magic
   243 | D        | Reached XP level 3. HP: 16/16 MP: 8/10
   248 | D        | Learned a level 3 spell: Confuse
   252 | D        | Learned a level 3 spell: Tukima's Dance
   262 | D        | Killed a white draconian scorcher
   307 | D        | Noticed a wolf
   321 | D        | Reached skill level 5 in Spellcasting
   323 | D        | Killed a wolf
   323 | D        | Reached skill level 7 in Stealth
   323 | D        | Reached XP level 4. HP: 14/21 MP: 1/12
   328 | D        | Learned a level 3 spell: Dazzling Spray
   513 | D        | Killed a yaktaur
   521 | D        | Gained mutation: You are covered in fur (AC +1). [potion of mutation]
   521 | D        | Gained mutation: You evolve. [potion of mutation]
   521 | D        | Gained mutation: You are dopey. (Int -2) [potion of mutation]
   522 | D        | Gained mutation: You have a pair of small antennae on your head. [potion of mutation]
   522 | D        | Gained mutation: Your muscles are strong. (Str +2) [potion of mutation]
   560 | D        | Noticed a water elemental
   563 | D        | Killed a water elemental
   563 | D        | Reached skill level 8 in Stealth
   563 | D        | Reached skill level 1 in Conjurations
   563 | D        | Reached skill level 5 in Hexes
   563 | D        | Reached XP level 5. HP: 24/24 MP: 12/14
   573 | D        | Noticed a jelly
   574 | D        | Noticed a shadow
   576 | D        | Killed a shadow
   576 | D        | Reached skill level 9 in Stealth
   576 | D        | Reached XP level 6. HP: 28/28 MP: 13/17
   580 | D        | Killed a jelly
   580 | D        | Reached skill level 10 in Stealth
   587 | D        | Found a stormy altar of Qazlal.
   588 | D        | Found a sacrificial altar of Ru.
   588 | D        | Found a burning altar of Makhleb.
   588 | D        | Found a viscous altar of Jiyva.
   588 | D        | Found a shimmering altar of Xom.
   588 | D        | Found a shadowy altar of Dithmenos.
   588 | D        | Found a sparkling altar of Nemelex Xobeh.
   588 | D        | Found a corrupted altar of Lugonu.
   588 | D        | Found an opulent altar of Gozag.
   588 | D        | Noticed a spatial vortex
   589 | D        | Killed a spatial vortex
   589 | D        | Reached skill level 5 in Short Blades
   593 | D        | Became a worshipper of Dithmenos the Shadowed
   618 | D        | Found a radiant altar of Vehumet.
   619 | D        | Found a deep blue altar of Sif Muna.
   619 | D        | Found an ancient bone altar of Kikubaaqudgha.
   619 | D        | Noticed a wizard
   620 | D        | Killed a wizard
   620 | D        | Reached skill level 11 in Stealth
   622 | D        | Reached skill level 10 in Dodging
   649 | D        | Learned a level 2 spell: Stoneskin
   653 | D        | Learned a level 3 spell: Stone Arrow
   657 | D        | Learned a level 3 spell: Passwall
   662 | D        | Found a glowing silver altar of Zin.
   663 | D        | Found a glowing golden altar of the Shining One.
   663 | D        | Found a white marble altar of Elyvilon.
   663 | D        | Noticed a deep elf priest
   665 | D        | Killed a deep elf priest
   665 | D        | Reached skill level 1 in Invocations
   665 | D        | Reached XP level 7. HP: 32/32 MP: 18/20
   676 | D        | Found an iron altar of Okawaru.
   677 | D        | Found a bloodstained altar of Trog.
   677 | D        | Noticed a human
   677 | D        | Noticed a human
   684 | D        | Killed a human
   684 | D        | Reached skill level 12 in Stealth
   722 | D        | Killed a human
   833 | D        | Learned a level 4 spell: Petrify
   838 | D        | Found a snail-covered altar of Cheibriados.
   838 | D        | Noticed a necrophage
   839 | D        | Found a basalt altar of Yredelemnul.
   839 | D        | Found a blossoming altar of Fedhas.
   839 | D        | Noticed a necromancer
   840 | D        | Killed a necromancer
   840 | D        | Acquired Dithmenos's first power
   840 | D        | Reached XP level 8. HP: 36/36 MP: 22/22
   848 | D        | Killed a necrophage
   886 | D        | Noticed a two-headed ogre
   886 | D        | Noticed a two-headed ogre
   890 | D        | Killed a two-headed ogre
   892 | D        | Killed a two-headed ogre
   892 | D        | Reached skill level 10 in Spellcasting
   892 | D        | Reached skill level 1 in Transmutations
   895 | D        | Noticed a two-headed ogre
   896 | D        | Killed a two-headed ogre
   896 | D        | Reached skill level 13 in Stealth
   902 | D        | Noticed a hill giant
   905 | D        | Killed a hill giant
   905 | D        | Acquired Dithmenos's second power
   905 | D        | Reached skill level 1 in Earth Magic
   910 | D        | Noticed a hill giant
   910 | D        | Noticed Erolcha
   968 | D        | Killed a hill giant
   989 | D        | Killed Erolcha
   989 | D        | Reached skill level 14 in Stealth
   989 | D        | Reached XP level 9. HP: 14/39 MP: 21/25
   999 | D        | Noticed a redback
  1189 | D        | Learned a level 5 spell: Lee's Rapid Deconstruction
  1267 | D        | Killed a redback
  1267 | D        | Acquired Dithmenos's third power
  1267 | D        | Reached skill level 5 in Ice Magic
  1277 | D        | Noticed a trapdoor spider
  1279 | D        | Killed a trapdoor spider
  1321 | D        | Noticed a trapdoor spider
  1326 | D        | Killed a trapdoor spider
  1399 | D        | Noticed a killer bee
  1399 | D        | Noticed a killer bee
  1399 | D        | Noticed a killer bee
  1399 | D        | Noticed a killer bee
  1399 | D        | Noticed a killer bee
  1399 | D        | Noticed a killer bee
  1399 | D        | Noticed a killer bee
  1399 | D        | Noticed a killer bee
  1399 | D        | Noticed a killer bee
  1399 | D        | Noticed a killer bee
  1399 | D        | Noticed a killer bee
  1399 | D        | Noticed a killer bee
  1399 | D        | Noticed a killer bee
  1399 | D        | Noticed a killer bee
  1399 | D        | Noticed a killer bee
  1400 | D        | Noticed a killer bee
  1400 | D        | Noticed a killer bee
  1400 | D        | Noticed a killer bee
  1400 | D        | Noticed a killer bee
  1400 | D        | Noticed a killer bee
  1400 | D        | Noticed a killer bee
  1400 | D        | Noticed a killer bee
  1400 | D        | Noticed a killer bee
  1400 | D        | Noticed a killer bee
  1400 | D        | Noticed a killer bee
  1400 | D        | Noticed a queen bee
  1400 | D        | Noticed a killer bee
  1400 | D        | Noticed a killer bee
  1400 | D        | Noticed a killer bee
  1400 | D        | Noticed a killer bee
  1400 | D        | Noticed a killer bee
  1400 | D        | Noticed a killer bee
  1400 | D        | Noticed a killer bee
  1401 | D        | Killed a killer bee
  1402 | D        | Killed a killer bee
  1404 | D        | Killed a killer bee
  1405 | D        | Killed a killer bee
  1405 | D        | Acquired Dithmenos's fourth power
  1406 | D        | Killed a killer bee
  1407 | D        | Killed a killer bee
  1416 | D        | Killed a killer bee
  1418 | D        | Killed a killer bee
  1648 | D        | Killed a killer bee
  1649 | D        | Killed a killer bee
  1650 | D        | Killed a killer bee
  1653 | D        | Killed a killer bee
  1655 | D        | Killed a killer bee
  1691 | D        | Gained mutation: You have a pair of antennae on your head. [evolution]
  1840 | D        | Killed a killer bee
  1845 | D        | Killed a killer bee
  1845 | D        | Reached skill level 5 in Transmutations
  1848 | D        | Killed a killer bee
  1850 | D        | Killed a killer bee
  1850 | D        | Reached skill level 15 in Stealth
  1852 | D        | Killed a killer bee
  1854 | D        | Killed a killer bee
  1856 | D        | Killed a killer bee
  1883 | D        | Killed a killer bee
  1906 | D        | Killed a killer bee
  1916 | D        | Killed a killer bee
  1921 | D        | Killed a killer bee
  1923 | D        | Killed a killer bee
  1923 | D        | Reached skill level 5 in Conjurations
  1929 | D        | Killed a queen bee
  1929 | D        | Reached XP level 10. HP: 44/44 MP: 0/27
  1935 | D        | Learned a level 4 spell: Airstrike
  2077 | D        | Killed a killer bee
  2084 | D        | Killed a killer bee
  2096 | D        | Killed a killer bee
  2103 | D        | Killed a killer bee
  2128 | D        | Killed a killer bee
  2133 | D        | Killed a killer bee
  2142 | D        | Killed a killer bee
  2264 | D        | Noticed a wandering mushroom
  2265 | D        | Noticed a wandering mushroom
  2265 | D        | Noticed a wandering mushroom
  2267 | D        | Killed a wandering mushroom
  2267 | D        | Reached skill level 1 in Air Magic
  2269 | D        | Killed a wandering mushroom
  2270 | D        | Killed a wandering mushroom
  2378 | D        | Noticed a spiny frog
  2378 | D        | Noticed a komodo dragon
  2378 | D        | Noticed a spiny frog
  2386 | D        | Killed a spiny frog
  2389 | D        | Killed a spiny frog
  2390 | D        | Killed a komodo dragon
  2390 | D        | Reached skill level 15 in Dodging
  2390 | D        | Reached skill level 16 in Stealth
  2394 | D        | Noticed a redback
  2396 | D        | Killed a redback
  2396 | D        | Reached skill level 10 in Hexes
  2397 | D        | Noticed a brain worm
  2400 | D        | Killed a brain worm
  2406 | D        | Noticed a brain worm
  2408 | D        | Killed a brain worm
  2414 | D        | Noticed a lindwurm
  2416 | D        | Noticed a redback
  2417 | D        | Killed a lindwurm
  2419 | D        | Killed a redback
  2425 | D        | Noticed a redback
  2426 | D        | Killed a redback
  2427 | D        | Noticed Maud
  2429 | D        | Killed Maud
  2429 | D        | Reached skill level 5 in Earth Magic
  2429 | D        | Reached XP level 11. HP: 47/47 MP: 29/29
  2434 | D        | Noticed an electric eel
  2435 | D        | Noticed a five-headed hydra
  2435 | D        | Noticed an eight-headed hydra
  2436 | D        | Killed an electric eel
  2438 | D        | Killed a five-headed hydra
  2438 | D        | Reached skill level 17 in Stealth
  2439 | D        | Killed an eight-headed hydra
  2449 | D        | Noticed a death drake
  2452 | D        | Killed a death drake
  2461 | D        | Found a blossoming altar of Fedhas.
  2461 | D        | Noticed a spriggan
  2461 | D        | Noticed a spriggan druid
  2461 | D        | Noticed a spriggan
  2463 | D        | Killed a spriggan druid
  2464 | D        | Killed a spriggan
  2465 | D        | Killed a spriggan
  2607 | D        | Learned a level 4 spell: Summon Lightning Spire
  2609 | D        | Noticed a swamp drake
  2611 | D        | Killed a swamp drake
  2615 | D        | Noticed a swamp drake
  2616 | D        | Found Todgh's Antique Armour Emporium.
  2616 | D        | Found Deajohou's Food Shop.
  2618 | D        | Killed a swamp drake
  2622 | D        | Found Myut's Gadget Shoppe.
  2638 | D        | Noticed a five-headed hydra
  2638 | D        | Noticed the 27-headed Lernaean hydra
  2640 | D        | HP: 2/47 [the 27-headed Lernaean hydra (5)]
  2640 | D        | Slain by the 27-headed Lernaean hydra

Vault maps used:
D:        dungeon_sprint_mu

Action                   |  1- 3 |  4- 6 |  7- 9 | 10-12 || total
-------------------------+-------+-------+-------+-------++-------
Melee: Dagger            |    19 |     7 |    57 |   125 ||   208
 Cast: Ensorcelled Hiber |     5 |     1 |    39 |    10 ||    55
       Corona            |     1 |       |       |       ||     1
       Dazzling Spray    |       |       |     9 |       ||     9
       Confuse           |       |       |     2 |       ||     2
       Passwall          |       |       |     1 |       ||     1
Invok: Shadow Step       |       |       |     2 |     7 ||     9
  Use: Potion            |       |     3 |       |       ||     3
       Scroll            |       |     1 |       |       ||     1
 Stab: Sleeping          |     4 |     7 |    35 |    30 ||    76
       Confused          |       |       |     1 |       ||     1
